 Seeded DCSS version 0.28.0 (webtiles) character file.

Game seed: 10379525442082979767 (custom seed)

2 hikkokomori the Ruffian (level 1, 0/13 HPs)
             Began as a Formicid Wanderer on Feb 16, 2022.
             Slain by a quokka (1 damage)
             ... on level 1 of the Dungeon.
             The game lasted 00:00:57 (26 turns).

hikkokomori the Ruffian (Formicid Wanderer)           Turns: 26, Time: 00:00:58

Health: 0/13       AC:  3    Str: 14    XL:     1   Next: 33%
Magic:  1/1        EV: 11    Int: 10    God:
Gold:   0          SH:  4    Dex: 13    Spells: 0/0 levels left

rFire   . . .      SeeInvis +   a - +0 falchion
rCold   . . .      Faith    .   d - +0 buckler
rNeg    . . .      Spirit   .   e - +0 leather armour
rPois   .          Reflect  .   (helmet unavailable)
rElec   .          Harm     .   (no cloak)
rCorr   .          Rampage  .   (no gloves)
Will    .....                   (no boots)
Stlth   +.........              (no amulet)
HPRegen 0.04/turn               (no ring)
MPRegen 0.07/turn               (no ring)

@: no status effects
A: permanent stasis, dig shafts and tunnels, antennae 3, four strong arms
a: Dig, Shaft Self


You were on level 1 of the Dungeon.
You visited 1 branch of the dungeon, and saw 1 of its levels.

Inventory:

Hand Weapons
 a - a +0 falchion (weapon)
Armour
 d - a +0 buckler (worn)
 e - a +0 leather armour (worn)
Scrolls
 b - a scroll of fear
 c - a scroll of summoning


   Skills:
 + Level 0.2 Fighting
 - Level 1.0 Long Blades
 + Level 1.2 Armour
 - Level 1.0 Dodging
 + Level 2.5 Shields
 - Level 4.0 Unarmed Combat
 - Level 1.1 Invocations


You couldn't memorise any spells.
You didn't know any spells.
Your spell library was empty.

Dungeon Overview and Level Annotations

Branches:
Dungeon (1/15)

Altars:


Innate Abilities, Weirdness & Mutations

You cannot be hasted, slowed, berserked, paralysed or teleported.
You can dig through walls and to a lower floor.
You have a pair of large antennae on your head. (SInv)
Your four strong arms can wield two-handed weapons with a shield.


Message History

You barely miss the hobgoblin.
The hobgoblin is heavily wounded.
The frilled lizard hisses angrily.
You block the quokka's attack. The hobgoblin hits you.
You barely miss the hobgoblin.
The hobgoblin is heavily wounded.
The quokka misses you. You block the hobgoblin's attack.
You block the quokka's attack.
You closely miss the hobgoblin.
The hobgoblin is heavily wounded.
You block the hobgoblin's attack. The quokka barely misses you.
The hobgoblin hits you. The quokka barely misses you.
You are too injured to fight recklessly!
You are too injured to fight recklessly!
You are too injured to fight recklessly!
You are too injured to fight recklessly!
You are too injured to fight recklessly!
You are too injured to fight recklessly!
You are too injured to fight recklessly!
You hit the hobgoblin.
You kill the hobgoblin!
The quokka bites you but does no damage.
You miss the frilled lizard.
The quokka bites you but does no damage.
The frilled lizard misses you. The quokka closely misses you.
You hit the frilled lizard.
You kill the frilled lizard!
The quokka bites you. The quokka closely misses you. The quokka bites you.
You see here a frilled lizard corpse.
You barely miss the quokka. The quokka misses you.
You hit the quokka but do no damage. The quokka bites you.
* * * LOW HITPOINT WARNING * * *
You barely miss the quokka. The quokka barely misses you.
You block the quokka's attack.
You closely miss the quokka. You block the quokka's attack.
You hit the quokka.
The quokka is moderately wounded.
You block the quokka's attack. The quokka bites you.
You die...

.# ...♣PPP..# #...#
.♣...P.PP #...
..P..PP.♣######.# .
PPPPP♣.♣P##.....# ..
.P♣PP♣..P##.....#####...
♣PPP.....##.............
##########......r.....#
...........#....@.....#
.<...##....#............
..........##............
###########.............
#.............
#.............
#.............
##..........##


You could see a quokka.

Vanquished Creatures
  A hobgoblin (D:1)
  A frilled lizard (D:1)
2 creatures vanquished.

Notes
Turn   | Place    | Note
-------+----------+-------------------------------------------
     0 | D:1      | hikkokomori the Formicid Wanderer began the quest for the
                  | Orb.
     0 | D:1      | hikkokomori set off with the following items: a +0
                  | falchion, a scroll of fear, a scroll of summoning, a +0
                  | buckler, a +0 leather armour
     0 | D:1      | Reached XP level 1. HP: 13/13 MP: 1/1
    26 | D:1      | Slain by a quokka

Illustrated notes

Levels and vault maps discovered:
D:1:      minmay_arrival_arboretum_small, layout_basic

Action                   || total
-------------------------++-------
Melee: Falchion          ||    12
Armor: Leather armour    ||     2
Dodge: Dodged            ||     9
Block: Buckler           ||     7
